 Dungeon Crawl Stone Soup version 0.18-a0-1372-gd644665 (webtiles) character file.

11879 George the Carver (level 11, -10/100 HPs)
             Began as a Minotaur Fighter on Feb 21, 2016.
             Was a High Priest of Okawaru.
             Mangled by a yak (11 damage)
             ... on level 11 of the Dungeon.
             The game lasted 00:22:31 (9609 turns).

George the Carver (Minotaur Fighter)                Turns: 9609, Time: 00:22:31

Health: -10/100    AC: 22    Str: 23    XL:     11   Next: 55%
Magic:  16/16      EV:  7    Int:  5    God:    Okawaru [*****.]
Gold:   669        SH:  7    Dex: 11    Spells: 0 memorised, 10 levels left

rFire  + . .     SeeInvis .     P - +1 long sword (freeze)
rCold  + . .     Gourm    .     M - +1 plate armour {rF+}
rNeg   + . .     Faith    +     E - +1 buckler {reflect}
rPois  .         Spirit   .     (helmet restricted)
rElec  .         Dismiss  .     G - +4 cloak of Ittalism {+Blink}
rCorr  .         Reflect  +     (no gloves)
SustAt .         Harm     .     t - +0 pair of boots (curse)
MR     .....                    Y - amulet of faith
Stlth  ..........               o - ring of protection from cold
                                D - ring of positive energy

@: not resistant to hostile enchantments, extremely unstealthy
A: retaliatory headbutt, horns 2
a: Heroism, Finesse, Renounce Religion, Evoke Blink


You were on level 11 of the Dungeon.
You worshipped Okawaru.
Okawaru was extremely pleased with you.
You were hungry.

You visited 2 branches of the dungeon, and saw 12 of its levels.

You collected 777 gold pieces.
You spent 108 gold pieces at shops.

Inventory:

Hand Weapons
 P - a +1 long sword of freezing (weapon)
 V - a +2 falchion of flaming
Missiles
 H - 3 steel javelins (quivered)
Armour
 c - a +1 shield
 t - a cursed +0 pair of boots (worn)
 E - a +1 buckler of reflection (worn)
 G - the +4 cloak of Ittalism (worn) {+Blink}
   (Okawaru gifted it to you on level 10 of the Dungeon)

   It lets you blink.
 J - the +3 ring mail of Philately {rElec Regen+ Int+10}
   (You found it on level 6 of the Dungeon)

   It affects your intelligence (+10).
   It insulates you from electricity.
   It increases your rate of regeneration.
 M - a +1 plate armour of fire resistance (worn)
Jewellery
 h - an uncursed ring of resist corrosion
 o - a ring of protection from cold (right hand)
 u - an uncursed amulet of magic regeneration {unknown}
 D - a ring of positive energy (left hand)
 Y - an amulet of faith (around neck)
Wands
 n - a wand of confusion (26/48)
 w - a wand of acid (4/15)
 F - a wand of iceblast (9/15)
 I - a wand of polymorph (9/24)
 R - a wand of iceblast (2/15)
Scrolls
 i - 4 scrolls of remove curse
 l - a scroll of recharging
 p - a scroll of fog
 q - a scroll of enchant weapon
 z - a scroll of teleportation
 K - 2 scrolls of blinking
 N - a scroll of fear {unknown}
 O - a scroll of holy word
 Z - a scroll of magic mapping
Potions
 d - 2 potions of might
 g - 2 potions of haste
 j - 2 potions of flight
 x - 5 potions of curing
 B - 2 potions of cure mutation
 L - a potion of cancellation {unknown}
 T - a potion of heal wounds
 U - a potion of resistance
 W - a potion of ambrosia {unknown}
 X - a potion of beneficial mutation {unknown}
Miscellaneous
 y - a phial of floods
Comestibles
 f - 8 bread rations
 r - 3 beef jerkies
 s - 4 meat rations
 A - 10 slices of pizza
 C - a royal jelly
 Q - 21 fruits


   Skills:
 + Level 10.2 Fighting
 + Level 11.3 Long Blades
 + Level 10.1 Armour
 + Level 10.2 Shields
 + Level 8.3 Invocations


You had 10 spell levels left.
You didn't know any spells.

Dungeon Overview and Level Annotations

Branches:
Dungeon (11/15)            Temple (1/1) D:7            Lair (0/8) D:8
    Orc: D:9-12

Altars:
Ashenzari
Cheibriados
Dithmenos
Elyvilon
Fedhas
Gozag
Kikubaaqudgha
Makhleb
Nemelex Xobeh
Okawaru
Pakellas
Qazlal
Ru
Sif Muna
Trog
Vehumet
Xom
Yredelemnul
Zin
The Shining One

Shops:
D:6 ?   D:7 }   D:11 [

Annotations:
D:3 dig
D:4 1 runed door
D:9 Maurice


Innate Abilities, Weirdness & Mutations

You reflexively headbutt those who attack you in melee.
You have a pair of horns on your head.


Message History

The yak gores you but does no damage. You block the yak's attack.
You hit the yak. You freeze the yak. Your headbutt misses the yak.
The yak is heavily wounded.
You block the yak's attack. The yak gores you but does no damage.
The yak gores you.
* * * LOW HITPOINT WARNING * * *
You hit the yak. You freeze the yak.
The yak is severely wounded.
The yak gores you!
* * * LOW HITPOINT WARNING * * *
The yak barely misses you. x2
All of the chunks of flesh in your inventory have rotted away.
You slice the yak!! You freeze the yak.
You kill the yak!
Okawaru accepts your kill.
* * * LOW HITPOINT WARNING * * *
You feel sick.
You are no longer poisoned.
The yak gores you!
You die...

.....†.........(......###########
.....†................#
.......†..............#
..............()......#
..............()(....(#
.............(.)...(..#
...........(...)....([###########
..........(.†..Y††...)÷..)(((.[..
............†.†Y@.....)).........
#################################


You could see 2 yaks.

Vanquished Creatures
  A hydra (D:8)
  2 hill giants
  A wolf spider (D:10)
  An ugly thing (D:9)
  A deep elf mage (D:10)
  A troll (D:10)
  Grinder (D:3)
  A wyvern (D:8)
  20 yaks
  2 hungry ghosts
  A mottled dragon (D:10)
  A soldier ant (D:11)
  4 orc warriors
  2 sky beasts
  2 phantoms
  An ice beast (D:9)
  2 ogres
  13 centaurs
  A crocodile (D:10)
  3 big kobolds (D:8)
  11 giant frogs
  A scorpion (D:8)
  6 killer bees (D:11)
  3 jellies (D:10)
  9 wights
  5 crimson imps
  4 orc priests
  A centaur skeleton (D:7)
  7 hounds
  3 orc wizards
  A giant frog zombie (D:10)
  3 giant frog skeletons
  Ijyb (D:3)
  An iguana (D:7)
  4 worker ants
  Terence (D:3)
  2 sheep (D:8)
  A hound skeleton (D:7)
  Robin (D:3)
  13 adders
  4 shadow imps
  A worm (D:2)
  9 giant geckos
  36 orcs
  2 ball pythons (D:2)
  11 giant cockroaches
  8 hobgoblins
  17 jackals
  5 quokkas
  A ball python zombie (D:5)
  6 bats
  A giant gecko skeleton (D:4)
  18 goblins
  A goblin zombie (D:4)
  A jackal skeleton (D:4)
  2 jackal zombies
  13 kobolds
  10 rats
  A plant (D:2)
286 creatures vanquished.

Vanquished Creatures (others)
  A sky beast (D:11)
1 creature vanquished.

Grand Total: 287 creatures vanquished

Notes
Turn   | Place    | Note
--------------------------------------------------------------
     0 | D:1      | George the Minotaur Fighter began the quest for the Orb.
     0 | D:1      | Reached XP level 1. HP: 19/19 MP: 0/0
   112 | D:1      | Reached XP level 2. HP: 26/26 MP: 1/1
   372 | D:1      | Reached skill level 4 in Long Blades
   658 | D:2      | Found a white marble altar of Elyvilon.
   674 | D:2      | Reached XP level 3. HP: 31/31 MP: 2/2
   832 | D:2      | Found a glowing silver altar of Zin.
   939 | D:2      | Reached skill level 5 in Long Blades
  1003 | D:2      | Reached XP level 4. HP: 32/39 MP: 3/3
  1160 | D:2      | Found an iron altar of Okawaru.
  1323 | D:2      | Became a worshipper of Warmaster Okawaru
  1440 | D:3      | Reached skill level 1 in Invocations
  1485 | D:3      | Noticed Grinder
  1520 | D:3      | Killed Grinder
  1520 | D:3      | Reached skill level 6 in Long Blades
  1520 | D:3      | Reached XP level 5. HP: 46/46 MP: 3/5
  1520 | D:3      | Reached XP level 6. HP: 52/52 MP: 3/6
  1549 | D:3      | Noticed Terence
  1556 | D:3      | Killed Terence
  1558 | D:3      | Noticed Ijyb
  1571 | D:3      | Killed Ijyb
  2030 | D:3      | Noticed Robin
  2044 | D:3      | Killed Robin
  2155 | D:3      | Found a radiant altar of Vehumet.
  2268 | D:4      | Reached * piety under Okawaru
  2326 | D:4      | Found a runed door.
  2326 | D:4      | Noticed a human
  2328 | D:4      | Found a basalt altar of Yredelemnul.
  2491 | D:4      | Reached XP level 7. HP: 60/60 MP: 8/8
  2543 | D:4      | Found a stormy altar of Qazlal.
  3033 | D:5      | Entered Level 5 of the Dungeon
  3071 | D:5      | Found a shadowy altar of Dithmenos.
  3217 | D:5      | Found a bloodstained altar of Trog.
  3457 | D:5      | Reached skill level 5 in Fighting
  3504 | D:5      | Reached skill level 5 in Armour
  3861 | D:6      | Reached skill level 5 in Shields
  3902 | D:6      | Found Mucecogrya's Magic Scroll Shop.
  3950 | D:6      | Got a jewelled ring mail
  3956 | D:6      | Reached skill level 7 in Long Blades
  4001 | D:6      | Identified the +3 ring mail of Philately {rElec Regen+ Int+10} (You found it on level 6 of the Dungeon)
  4040 | D:6      | Found an oddly glowing altar of Pakellas.
  4194 | D:6      | Reached XP level 8. HP: 36/69 MP: 9/9
  4742 | D:7      | Found Riugraag's Gadget Boutique.
  4818 | D:7      | Found an opulent altar of Gozag.
  4860 | D:7      | Reached ** piety under Okawaru
  4960 | D:7      | Found a staircase to the Ecumenical Temple.
  4965 | Temple   | Entered the Ecumenical Temple
  5506 | D:8      | Reached skill level 8 in Long Blades
  5514 | D:8      | Reached skill level 5 in Invocations
  5514 | D:8      | Reached XP level 9. HP: 40/79 MP: 11/11
  5701 | D:8      | Noticed a three-headed hydra
  5712 | D:8      | Killed a one-headed hydra
  5712 | D:8      | Reached *** piety under Okawaru
  5806 | D:8      | Found an oddly glowing altar of Pakellas.
  5902 | D:8      | Found a staircase to the Lair.
  6041 | D:8      | Reached **** piety under Okawaru
  6041 | D:8      | Reached skill level 9 in Long Blades
  6283 | D:8      | Found a shadowy altar of Dithmenos.
  6286 | D:8      | Found a snail-covered altar of Cheibriados.
  6289 | D:8      | Found a shattered altar of Ashenzari.
  6745 | D:9      | Found a basalt altar of Yredelemnul.
  6881 | D:9      | Reached XP level 10. HP: 88/88 MP: 13/13
  7041 | D:9      | Noticed Maurice
  7142 | D:9      | Reached ***** piety under Okawaru
  7415 | D:9      | Noticed a brown ugly thing
  7432 | D:9      | Killed a brown ugly thing
  7604 | D:10     | Entered Level 10 of the Dungeon
  7607 | D:10     | Noticed a hill giant
  7619 | D:10     | Killed a hill giant
  7664 | D:10     | Reached skill level 10 in Long Blades
  7692 | D:10     | Received a gift from Okawaru
  7693 | D:10     | Got a heavily runed cloak {god gift}
  7699 | D:10     | Identified the +4 cloak of Ittalism {+Blink} (Okawaru gifted it to you on level 10 of the Dungeon)
  7935 | D:10     | Noticed a deep elf mage
  7966 | D:10     | Killed a deep elf mage
  7970 | D:10     | Noticed a wolf spider
  7987 | D:10     | Killed a wolf spider
  8445 | D:10     | Identified a scroll of acquirement
  8635 | D:11     | Noticed a hill giant
  8646 | D:11     | Killed a hill giant
  8664 | D:11     | Reached XP level 11. HP: 50/97 MP: 15/15
  9474 | D:11     | Found Qifopoak's Antique Armour Shop.
  9488 | D:11     | Bought a pair of glowing boots for 108 gold pieces
  9542 | D:11     | Reached skill level 11 in Long Blades
  9544 | D:11     | Reached skill level 10 in Shields
  9563 | D:11     | Reached skill level 10 in Fighting
  9578 | D:11     | Received a gift from Okawaru
  9584 | D:11     | Reached skill level 10 in Armour
  9608 | D:11     | HP: 2/100 [yak (11)]
  9609 | D:11     | Mangled by a yak

Vault maps used:
D:1:      matt_arrival_diagonals
D:2:      old_standard_altar, overflow_temple_1_default, lemuel_round_altar,
          lexackson_kobold_supper
D:3:      nicolae_overflow_hidden_temple, due_unseen_surprise, uniq_terence,
          uniq_grinder, uniq_robin, uniq_iyjb
D:4:      nicolae_qazlal_general_emergency, first_bread, dk_yredelemnul_ordeal
D:5:      nicolae_overflow_crystal_walls, portal_sewer_entry_d,
          grunt_ministairs_15, nicolae_dithmenos_the_darkroom
D:6:      serial_shops, kennysheep_mini_moat, kennysheep_flooded_box,
          minmay_misc_feat_iff, grunt_pakellas_salt
D:7:      nicolae_gozag_seed_capital, temple_doors_c, serial_shops, shop
D:8:      grunt_temple_overflow_diamond, lair_0_dummy, basic_altar,
          hangedman_ranch
D:9:      kennysheep_mini, uniq_maurice
D:10:     wad_scary_box
D:11:     serial_shops, shop
Temple:   circular_temple_pool_8

Action                   |  1- 3 |  4- 6 |  7- 9 | 10-12 || total
-------------------------+-------+-------+-------+-------++-------
Melee: Long sword        |   124 |   167 |   221 |   391 ||   903
       Falchion          |       |       |    97 |       ||    97
Invok: Heroism           |       |       |       |     3 ||     3
       Finesse           |       |       |       |     1 ||     1
Evoke: Wand              |       |     2 |       |     4 ||     6
  Use: Scroll            |       |       |    17 |     4 ||    21
       Potion            |       |       |       |     1 ||     1
 Stab: Confused          |       |       |       |     2 ||     2
  Eat: Chunk             |       |     6 |    16 |     8 ||    30
       Royal jelly       |       |       |       |     1 ||     1
